 Dungeon Crawl Stone Soup version 0.31-a0-965-g8a8ce12e04 (webtiles) character file.

Game seed: 1524302900727337702

2844 Dirtsage the Martial Artist (level 9, -2/62 HPs)
             Began as an Octopode Shapeshifter on Oct 26, 2023.
             Was a Follower of Wu Jian.
             Slain by a sky beast (6 damage)
             ... on level 7 of the Dungeon on Oct 27, 2023.
             The game lasted 00:13:42 (6424 turns).

Dirtsage the Martial Artist (Octopode Shapeshifter) Turns: 6424, Time: 00:13:43

Health: -2/62      AC:  1    Str: 13    XL:     9   Next: 74%
Magic:  9/9        EV: 13    Int: 13    God:    Wu Jian [*.....]
Gold:   1201       SH:  0    Dex: 15    Spells: 8/8 levels left

rFire   + .          .
                       - Unarmed
rCold   . . .        (no shield)
rNeg    . . .        (helmet currently unavailable)
rPois   .            r - amulet of the acrobat
rElec   .            F - ring of protection from fire
rCorr   .            (no ring)
SInv    .            (no ring)
Will    .....        (no ring)
Stlth   ++           (no ring)
HPRegen 0.30/turn    (no ring)
MPRegen 0.11/turn    (no ring)
                     (no ring)

%: acrobat
@: beast-form
A: beast (slay +4), almost no armour, amphibious, 8 rings, camouflage 1,
gelatinous body 1, (nimble swimmer 1), tentacles
a: Begin Untransformation, Renounce Religion


You were on level 7 of the Dungeon.
You worshipped Wu Jian.
Wu Jian was aware of your devotion.
You were a hulking beast.
You visited 2 branches of the dungeon, and saw 9 of its levels.

You collected 1345 gold pieces.
You spent 144 gold pieces at shops.

Inventory:

Jewellery
 r - an amulet of the acrobat (around mantle)
 F - a ring of protection from fire (left tentacle)
Talismans
 b - a beast talisman
 c - a flux talisman
Wands
 u - a wand of roots (10)
 x - a wand of polymorph (5)
 A - a wand of paralysis (6)
 D - a wand of digging (11)
Scrolls
 e - a scroll of enchant weapon
 g - a scroll of fear
 i - a scroll of fog {unknown}
 j - a scroll of summoning
 l - 2 scrolls of brand weapon
 m - a scroll of poison
 n - 6 scrolls of noise
 p - a scroll of enchant armour
 s - a scroll of silence
 t - 2 scrolls of teleportation
 w - a scroll of amnesia
Potions
 a - a potion of brilliance {unknown}
 d - a potion of attraction {unknown}
 f - 4 potions of degeneration
 h - 3 potions of heal wounds {unknown}
 k - a potion of mutation {unknown}
 o - 2 potions of ambrosia
 q - 3 potions of curing
 v - a potion of magic {unknown}
 z - 2 potions of might {unknown}
 B - a potion of resistance {unknown}


   Skills:
 + Level 5.8 Fighting
 - Level 2.0 Dodging
 * Level 8.9 Unarmed Combat
 * Level 8.2 Shapeshifting


You had 8 spell levels left.
You didn't know any spells.
Your spell library contained the following spells:

 Spells                   Type           Power      Damage    Failure   Level
 Shock                    Conj/Air       0%         1d3       30%         1
 Cigotuvi's Dreadful Rot  Necr/Pois/Air  0%         N/A       43%         2
 Ignite Poison            Fire/Tmut/Pois 0%         N/A       67%         3
 Swiftness                Air            0%         N/A       67%         3
 Airstrike                Air            0%         2d(0-16)  97%         4
 Freezing Cloud           Conj/Ice/Air   0%         6-21      100%        5


Dungeon Overview and Level Annotations

Branches:
Dungeon (8/15)             Temple (1/1) D:6
   Lair: D:8-11

Altars:
Ashenzari
Cheibriados
Fedhas
Gozag
Hepliaklqana
Kikubaaqudgha
Nemelex Xobeh
Okawaru
Qazlal
Ru
Sif Muna
Trog
Uskayaw
Vehumet
Wu Jian
Xom
Yredelemnul
The Shining One

Shops:
D:4 ?


Innate Abilities, Weirdness & Mutations

You are a hulking beast.
Your limbs bulge with bestial killing power. (Slay +4)
You cannot wear most types of armour.
You are amphibious.
You can wear up to eight rings at the same time.
Your skin changes colour to match your surroundings (Stealth+).
Your rubbery body absorbs attacks. (AC +1, EV +1)
((You are camouflaged when in or above water. (Stealth+)))
You have tentacles for arms and can constrict up to eight enemies at once.


Message History

The sky beast is moderately wounded.
The sky beast hits you. The sky beast shocks you.
You take 9 damage, and have 37/62 hp.
You bludgeon the sky beast!
The sky beast is almost dead.
The sky beast flickers out of sight!
Deactivating autopickup; reactivate with Ctrl-A.
Something hits you. Something shocks you.
You take 8 damage, and have 29/62 hp.
You tentacle-slap something but do no damage.
Something hits you. Something shocks you.
You take 8 damage, and have 21/62 hp.
You spin and attack the sleepcap.
You tentacle-slap the sleepcap. You grab the sleepcap.
You squeeze the sleepcap!
The sleepcap is severely damaged.
You constrict the sleepcap, but do no damage.
The sleepcap closely misses you.
You tentacle-slap the sleepcap.
The sleepcap is severely damaged.
You constrict the sleepcap, but do no damage.
The sleepcap misses you.
A sky beast appears from thin air!
Reactivating autopickup.
The sky beast closely misses you.
You tentacle-slap the sky beast. Your squeeze misses the sky beast.
The sky beast is almost dead.
You constrict the sleepcap. The sleepcap closely misses you.
The sky beast hits you. The sky beast shocks you.
* * * LOW HITPOINT WARNING * * *
You take 8 damage, and have 13/62 hp.
You release your grip on the sleepcap.
You spin and attack the sky beast.
You closely miss the sky beast.
The sky beast is almost dead.
You spin and attack the sleepcap.
You tentacle-slap the sleepcap.
The sleepcap is almost destroyed.
The sleepcap releases spores at you.
* * * LOW HITPOINT WARNING * * *
The sky beast hits you.
* * * LOW HITPOINT WARNING * * *
The sky beast shocks you.
You die...

.##########........#
...................#
...................#
#..................#
#..................#
#..................#
#..........###'#####
#....^.....#$...Y..#
#..........#...fh..+
#..........#.......#
##'#########......##
..................#
...................
##........######..##
.######### ....
...... .... ......


You could see a sky beast and a sleepcap.

Vanquished Creatures
  Menkaure (D:7)
  A water moccasin (D:6)
  2 black bears (D:6)
  3 ice beasts
  A sky beast (D:6)
  An ogre (D:6)
  3 centaurs
  3 phantoms
  2 kobold brigands
  3 bullfrogs
  7 scorpions
  2 howler monkeys (D:5)
  3 hounds
  3 jellies
  A gnoll bouda (D:8)
  An orc priest (D:5)
  A sleepcap (D:8)
  6 iguanas
  11 gnolls
  4 adders
  A shadow imp (D:6)
  2 ufetubi (D:5)
  6 worms
  5 dart slugs
  20 orcs
  8 ball pythons
  9 endoplasms
  6 giant cockroaches
  4 goblins
  11 hobgoblins
  2 jackals (D:4)
  18 kobolds
  6 quokkas
  A bat (D:2)
  5 frilled lizards
  6 rats
169 creatures vanquished.

Notes
Turn   | Place    | Note
-------+----------+-------------------------------------------
     0 | D:1      | Dirtsage the Octopode Shapeshifter began the quest for the
                  | Orb.
     0 | D:1      | Reached XP level 1. HP: 13/13 MP: 1/1
   130 | D:1      | Reached XP level 2. HP: 18/18 MP: 2/2
   277 | D:1      | Reached XP level 3. HP: 17/23 MP: 3/3
  1076 | D:3      | Identified the "Suotimu"
  1150 | D:3      | Found a shimmering altar of Xom.
  1216 | D:4      | Reached XP level 4. HP: 12/29 MP: 4/4
  1347 | D:4      | Found Pama Xaozelo's Magic Scroll Boutique.
  1356 | D:4      | Bought a scroll of identify for 24 gold pieces
  1356 | D:4      | Bought a scroll of identify for 24 gold pieces
  1356 | D:4      | Bought a scroll of identify for 24 gold pieces
  1356 | D:4      | Bought a scroll of identify for 24 gold pieces
  1356 | D:4      | Bought a scroll of fear for 48 gold pieces
  1691 | D:3      | Found a sacrificial altar of Ru.
  1709 | D:3      | Reached XP level 5. HP: 34/34 MP: 5/5
  1956 | D:3      | Found a bloodstained altar of Trog.
  2036 | D:3      | Identified a scroll of acquirement
  2039 | D:3      | Acquired 990 gold pieces
  2379 | D:4      | Reached XP level 6. HP: 21/41 MP: 6/6
  2821 | D:5      | Entered Level 5 of the Dungeon
  3024 | D:5      | Reached skill level 5 in Unarmed Combat
  3187 | D:5      | Found a glowing golden altar of the Shining One.
  3188 | D:5      | Noticed an ice beast
  3198 | D:5      | Killed an ice beast
  3199 | D:5      | Reached skill level 5 in Shapeshifting
  3199 | D:5      | Reached XP level 7. HP: 9/46 MP: 7/7
  3203 | D:5      | HP: 2/46 [scorpion (7)]
  3493 | D:5      | Reached XP level 8. HP: 50/54 MP: 8/8
  4329 | D:6      | Found a staircase to the Ecumenical Temple.
  4358 | Temple   | Entered the Ecumenical Temple
  4369 | Temple   | Became a worshipper of the Wu Jian Council
  4486 | D:6      | Reached XP level 9. HP: 60/60 MP: 9/9
  4543 | D:6      | Reached skill level 5 in Fighting
  5206 | D:7      | Noticed Menkaure
  5216 | D:7      | Killed Menkaure
  5541 | D:8      | Reached * piety under Wu Jian
  6424 | D:7      | Slain by a sky beast

Illustrated notes

Levels and vault maps discovered:
D:1:      tarquinn_simple_flora_water_e, layout_basic
D:2:      layout_loops_cross, chequers_jeans, kennysheep_cross_room
D:3:      minmay_chambers_of_twos, layout_basic, nicolae_ru_awakened_eye,
          xom_teletrap_fun, mainiacjoe_overflow_tiny_flanked
D:4:      layout_gridville, serial_shops, nicolae_shop_tiny_glass
D:5:      minmay_angry_zag, layout_gridville,
          mainiacjoe_sewer_entry_somewhere_in_here_2, serial_co_window_serial,
          co_window_of_opportunity_a, co_window_paths_a, co_window_corner_a,
          co_window_paths_b, co_window_corner_a, co_window_paths_b,
          co_window_2corner, co_window_of_opportunity_b, co_window_2corner,
          co_window_broadway_b, co_window_corner_ca, co_window_4corner_b,
          glass_columns_c, glass_columns_c, glass_columns_c,
          minmay_ruined_shrine
D:6:      layout_rooms, minmay_temple_entry_overgrown
D:7:      layout_gridville, mainiacjoe_overflow_boulevard,
          grunt_decor_mini_mirrors, uniq_menkaure
D:8:      minmay_octagon_keep, layout_basic, gammafunk_ghost_nasty_kobolds,
          uniq_psyche
Temple:   eino_wide_crystal_templ

Skill      XL: |  1  2  3  4  5  6  7  8  9 |
---------------+----------------------------+-----
Fighting       | 2 3 4 5 |  5.8
Unarmed Combat | 4 5 6 7 8 |  8.9
Shapeshifting  | 4 5 7 8 |  8.2
Dodging        | |  2.0

Action                     |  1- 3 |  4- 6 |  7- 9 || total
---------------------------+-------+-------+-------++-------
  Melee: Unarmed           |    64 |   143 |   203 ||   410
         Constrict         |    17 |    30 |    41 ||    88
         Tentacles         |    12 |    25 |    57 ||    94
         Punch             |       |     7 |     9 ||    16
Ability: Lunge             |       |       |     7 ||     7
         Whirlwind         |       |       |    10 ||    10
  Evoke: Wand              |       |       |     2 ||     2
    Use: Potion            |       |     1 |     2 ||     3
         Scroll            |       |     8 |     5 ||    13
   Stab: Sleeping          |     6 |     7 |     6 ||    19
         Distracted        |     1 |       |       ||     1
         Paralysed         |       |       |     3 ||     3
 Armour: Skin              |    23 |    51 |   110 ||   184
  Dodge: Dodged            |    36 |    71 |   149 ||   256

Table legend: (Time is in decaauts)
 A = Elapsed time spent in this place.
 B = Non-inter-level travel time spent in this place.
 C = Inter-level travel time spent in this place.
 D = Time resting spent in this place.
 E = Time spent auto-exploring this place.
 F = Levels seen in this place.
 G = Mean time per level.
                   A        B        C        D        E       F      G
               +--------+--------+--------+--------+--------+-----+--------+
         Total |   6383 |   6283 |    100 |    621 |   4471 |   9 |  709.2 |
       Dungeon |   6360 |   6280 |     80 |    621 |   4471 |   8 |  795.0 |
        Temple |     22 |      2 |     20 |      0 |      0 |   1 |   22.0 |
               +--------+--------+--------+--------+--------+-----+--------+

Top non-repeatable levels by time:
     D:5: 1480 daAuts
     D:4: 1166 daAuts
     D:7: 909 daAuts
     D:6: 863 daAuts
     D:2: 614 daAuts
     D:3: 567 daAuts
     D:1: 457 daAuts
     D:8: 301 daAuts
  Temple: 22 daAuts
